 Dungeon Crawl Stone Soup version 0.22-a0-362-g535178c (webtiles) character file.

13260 RoseArtemis the Cleaver (level 11, -4/101 HPs)
             Began as a Minotaur Fighter on Apr 21, 2018.
             Was a High Priest of Okawaru.
             Slain by a blink frog (11 damage)
             ... on level 2 of the Lair of Beasts.
             The game lasted 00:30:18 (13045 turns).

RoseArtemis the Cleaver (Minotaur Fighter)         Turns: 13045, Time: 00:30:19

Health: -4/101     AC: 12    Str: 21    XL:     11   Next: 73%
Magic:  14/14      EV: 10    Int:  6    God:    Okawaru [*****.]
Gold:   132        SH:  0    Dex: 12    Spells: 10/10 levels left

rFire    . . .     SeeInvis +   a - +1 battleaxe
rCold    + . .     Gourm    .   (shield currently unavailable)
rNeg     . . .     Faith    .   L - +2 scale mail {rC+}
rPois    +         Spirit   .   (helmet restricted)
rElec    .         Reflect  .   K - +0 cloak
rCorr    .         Harm     .   (no gloves)
MR       .....                  (no boots)
Stlth    ..........             (no amulet)
HPRegen  0.26/turn              t - ring of see invisible
MPRegen  0.14/turn              o - ring of poison resistance

@: no status effects
A: retaliatory headbutt, horns 2
a: Heroism, Finesse, Renounce Religion


You were on level 2 of the Lair of Beasts.
You worshipped Okawaru.
Okawaru was extremely pleased with you.
You were not hungry.

You visited 3 branches of the dungeon, and saw 13 of its levels.
You also visited: Ossuary.

You collected 612 gold pieces.
You spent 480 gold pieces at shops.

Inventory:

Hand Weapons
 a - a +1 battleaxe (weapon)
 b - a +0 blowgun
Missiles
 e - 7 curare-tipped needles
 q - 50 poisoned needles
Armour
 c - a +0 shield
 K - a +0 cloak (worn)
 L - a +2 scale mail of cold resistance (worn)
Jewellery
 o - a ring of poison resistance (right hand)
 t - a ring of see invisible (left hand)
Wands
 k - a wand of digging (18)
 x - a wand of disintegration (12)
 E - a wand of iceblast (28)
 G - a wand of acid (9)
 H - a wand of flame (17)
Scrolls
 m - 6 scrolls of remove curse
 u - 6 scrolls of enchant armour
 v - 3 scrolls of fog
 w - a scroll of fear
 y - 4 scrolls of teleportation
 F - a scroll of magic mapping
 I - 2 scrolls of identify
 J - a scroll of enchant weapon
Potions
 d - 3 potions of might
 g - 3 potions of flight
 i - 2 potions of haste
 j - 3 potions of lignification
 l - 2 potions of brilliance
 n - 3 potions of curing
 p - 2 potions of mutation
 s - a potion of magic
 z - a potion of cancellation
 A - 2 potions of berserk rage
 B - 2 potions of agility
 C - a potion of invisibility
 D - 4 potions of resistance
Comestibles
 f - 19 rations
 h - 6 chunks of flesh


   Skills:
 + Level 10.8 Fighting
 * Level 14.0 Axes
 + Level 10.7 Armour
 - Level 8.5 Shields
 + Level 5.5 Invocations


You had 10 spell levels left.
You didn't know any spells.

Dungeon Overview and Level Annotations

Branches:
Dungeon (10/15)            Temple (1/1) D:4            Lair (2/6) D:8
 Shoals (0/4) Lair:2
  Snake: Lair:2-4    Spider: Lair:2-4       Orc: D:9-12

Altars:
Ashenzari
Cheibriados
Dithmenos
Elyvilon
Fedhas
Gozag
Hepliaklqana
Kikubaaqudgha
Makhleb
Nemelex Xobeh
Okawaru
Qazlal
Ru
Sif Muna
Trog
Uskayaw
Vehumet
Wu Jian
Xom
Yredelemnul
Zin
The Shining One

Shops:
D:5 =   D:7 *   D:10 *


Innate Abilities, Weirdness & Mutations

You reflexively headbutt those who attack you in melee.
You have a pair of horns on your head.


Message History

The blink frog hits you but does no damage.
You barely miss the blink frog.
The blink frog is severely wounded.
You hit the plant. The blink frog hits you!
* * * LOW HITPOINT WARNING * * *
The blink frog hits you but does no damage.
You slice the blink frog!!
You kill the blink frog!
Okawaru accepts your kill.
Your Axes skill increases to level 14!
You slash the blink frog! You slash the plant!
The blink frog hits you but does no damage.
You miss the blink frog.
The blink frog is severely wounded.
You slash the plant!
The blink frog blinks!
The blink frog blinks!
You closely miss the blink frog. Your headbutt misses the blink frog.
The blink frog is heavily wounded.
The blink frog hits you!
You die...

### ###
..####..###P###### ##
.................. ..
........# #....# %#
..##.########....# ..##
..##.......##...§##...##
..##.............#...$P#
..##.......#P.....#.....
...#............@.....#
..##.......#P..÷F.....#
...#.......##....P####.#
..##.......##....####
..####..#.###........
..##...###.##.........
.......##...#.........$
.....##................
....#..................


You could see a blink frog.

Vanquished Creatures
  3 two-headed ogres
  Sonja (Lair:2)
  The ghost of Totori the Nimble, a novice DEIE of Ru (D:7)
  4 spiny frogs
  A komodo dragon (D:8)
  Prince Ribbit (D:7)
  A troll (D:10)
  7 blink frogs
  A hippogriff (D:8)
  3 wyverns
  A hungry ghost (D:8)
  5 yaks (D:9)
  Menkaure (D:5)
  An acid dragon (D:9)
  3 water moccasins
  Duvessa (D:7)
  3 porcupines
  3 orc warriors
  A phantom (D:6)
  A black bear (D:9)
  7 ogres
  A necrophage (D:4)
  6 wolves (Lair:1)
  5 centaurs
  5 crocodiles (Lair:1)
  Blork the orc (D:5)
  2 big kobolds
  6 bullfrogs
  Dowan (D:7)
  4 scorpions
  3 wights (D:9)
  A howler monkey (D:7)
  2 quasits
  5 crimson imps
  A centaur zombie (D:7)
  A centaur skeleton (D:7)
  2 jellies
  3 orc priests
  4 hounds
  A bullfrog skeleton (D:6)
  2 iguanas
  Ijyb (D:3)
  Natasha (thrice) (D:4)
  An orc wizard (D:10)
  11 worker ants
  2 killer bee zombies
  13 mummies (Ossuary)
  4 gnolls
  2 howler monkey zombies
  8 adders
  3 river rats (D:4)
  2 shadow imps (D:9)
  An adder zombie (D:9)
  3 adder skeletons
  4 worms
  3 dart slugs
  4 leopard geckos
  21 orcs
  6 giant cockroaches
  10 goblins
  11 hobgoblins
  3 jackals (D:4)
  14 kobolds
  2 quokkas
  4 ball pythons
  5 bats
  3 frilled lizards
  5 gnoll skeletons (Ossuary)
  A goblin skeleton (Ossuary)
  A jackal skeleton (D:4)
  A kobold skeleton (Ossuary)
  An orc skeleton (Ossuary)
  An orc zombie (D:7)
  A quokka skeleton (D:5)
  4 rats
  11 rat skeletons (Ossuary)
  2 plants
278 creatures vanquished.

Vanquished Creatures (others)
  A plant (D:8)
1 creature vanquished.

Grand Total: 279 creatures vanquished

Notes
Turn   | Place    | Note
-------+----------+-------------------------------------------
     0 | D:1      | RoseArtemis the Minotaur Fighter began the quest for the Orb.
     0 | D:1      | Reached XP level 1. HP: 19/19 MP: 0/0
   189 | D:1      | Reached XP level 2. HP: 27/27 MP: 1/1
   281 | D:1      | Reached skill level 3 in Axes
   436 | D:1      | Reached XP level 3. HP: 33/33 MP: 2/2
  1007 | D:2      | Reached XP level 4. HP: 40/40 MP: 3/3
  1530 | D:3      | Reached skill level 4 in Axes
  1567 | D:3      | Noticed Ijyb
  1589 | D:3      | Killed Ijyb
  1605 | D:3      | Found a stormy altar of Qazlal.
  1609 | D:3      | Found a glowing golden altar of the Shining One.
  1609 | D:3      | Found an ancient bone altar of Kikubaaqudgha.
  1623 | D:3      | Found a hide-covered altar of Uskayaw.
  1627 | D:3      | Found a hazy altar of Hepliaklqana.
  2017 | D:4      | Found a snail-covered altar of Cheibriados.
  2088 | D:4      | Found a staircase to the Ecumenical Temple.
  2098 | Temple   | Entered the Ecumenical Temple
  2287 | Temple   | Became a worshipper of Warmaster Okawaru
  2376 | D:4      | Noticed Natasha
  2380 | D:4      | Killed Natasha
  2380 | D:4      | Reached XP level 5. HP: 44/47 MP: 4/4
  2390 | D:4      | Noticed an ogre
  2397 | D:4      | Killed an ogre
  2397 | D:4      | Reached skill level 5 in Axes
  2518 | D:4      | Noticed Natasha
  2538 | D:4      | Killed Natasha
  2558 | D:4      | Reached XP level 6. HP: 37/55 MP: 5/5
  2790 | D:4      | Reached skill level 5 in Fighting
  2790 | D:4      | Reached skill level 5 in Armour
  2790 | D:4      | Reached skill level 5 in Shields
  2908 | D:4      | Reached * piety under Okawaru
  2938 | D:4      | Reached skill level 6 in Axes
  2975 | D:4      | Reached XP level 7. HP: 51/61 MP: 6/6
  3157 | D:4      | Found a sparkling altar of Nemelex Xobeh.
  3175 | D:4      | Noticed Natasha
  3183 | D:4      | Killed Natasha
  3323 | D:5      | Entered Level 5 of the Dungeon
  3351 | D:5      | Noticed Blork the orc
  3370 | D:5      | Killed Blork the orc
  3527 | D:5      | Noticed Menkaure
  3540 | D:5      | Killed Menkaure
  3540 | D:5      | Reached skill level 7 in Axes
  3661 | D:5      | Found a white marble altar of Elyvilon.
  4039 | D:5      | Found Fimpirghu's Jewellery Emporium.
  4410 | D:6      | Reached XP level 8. HP: 66/70 MP: 7/7
  4645 | D:6      | Reached ** piety under Okawaru
  4645 | D:6      | Reached skill level 8 in Axes
  5478 | D:7      | Noticed Duvessa
  5479 | D:7      | Noticed Dowan
  5487 | D:7      | Noticed Prince Ribbit
  5490 | D:7      | Killed Duvessa
  5496 | D:7      | Reached skill level 9 in Axes
  5503 | D:7      | Killed Dowan
  5620 | D:7      | Noticed Totori's ghost (novice DEIE)
  5636 | D:7      | Killed Totori's ghost
  5636 | D:7      | Reached *** piety under Okawaru
  5636 | D:7      | Reached XP level 9. HP: 63/79 MP: 6/8
  6006 | D:7      | Found a sand-covered staircase.
  6015 | Ossuary  | Entered an ossuary
  6045 | Ossuary  | Reached skill level 10 in Axes
  6436 | D:7      | Killed Prince Ribbit
  6786 | D:7      | Found Fiukhloam's Assorted Antiques.
  6809 | D:7      | Bought a scroll labeled FUAN WU UPTA for 27 gold pieces
  6809 | D:7      | Bought a blackened brass wand for 108 gold pieces
  6809 | D:7      | Bought a scroll of remove curse for 81 gold pieces
  7572 | D:8      | Found a staircase to the Lair.
  7573 | D:8      | Noticed a komodo dragon
  7595 | D:8      | Killed a komodo dragon
  8098 | D:8      | Reached skill level 11 in Axes
  8205 | D:8      | Reached XP level 10. HP: 85/90 MP: 6/9
  8388 | D:9      | Reached **** piety under Okawaru
  8425 | D:9      | Noticed a two-headed ogre
  8431 | D:9      | Killed a two-headed ogre
  8431 | D:9      | Reached skill level 1 in Invocations
  8556 | D:9      | Noticed a two-headed ogre
  8561 | D:9      | Killed a two-headed ogre
  8892 | D:9      | Found a shadowy altar of Dithmenos.
  8908 | D:9      | Received a gift from Okawaru
  9525 | D:5      | Bought an uncursed ring of poison resistance for 240 gold pieces
  9710 | D:9      | Found an ornate altar of the Wu Jian Council.
  9786 | D:9      | Reached skill level 12 in Axes
  9808 | D:9      | Reached ***** piety under Okawaru
 10189 | D:10     | Entered Level 10 of the Dungeon
 10375 | D:10     | Found Bezoig's Assorted Antiques.
 10384 | D:10     | Bought a scroll labeled KOMEAFR CAOHE for 24 gold pieces
 10575 | D:10     | Noticed a two-headed ogre
 10581 | D:10     | Killed a two-headed ogre
 10581 | D:10     | Reached XP level 11. HP: 75/99 MP: 9/13
 11032 | Lair:1   | Entered Level 1 of the Lair of Beasts
 11039 | Lair:1   | Reached skill level 10 in Fighting
 11097 | Lair:1   | Reached skill level 10 in Armour
 11435 | Lair:1   | Reached skill level 13 in Axes
 11448 | Lair:1   | Received a gift from Okawaru
 11740 | Lair:1   | HP: 5/100 [blink frog (15)]
 11755 | Lair:1   | HP: 5/101 [blink frog (8)]
 12568 | Lair:2   | Reached skill level 5 in Invocations
 12589 | Lair:2   | Noticed Sonja
 12603 | Lair:2   | Killed Sonja
 12742 | Lair:2   | Found a staircase to the Shoals.
 13042 | Lair:2   | Reached skill level 14 in Axes
 13045 | Lair:2   | Slain by a blink frog

Vault maps used:
D:1:      dpeg_arrival_oval, kennysheep_pointless_box,
          minmay_misc_feat_diagonals
D:3:      minmay_overflow_temple_star_hex, saegor_snake_ambush, uniq_ijyb
D:4:      cheibriados_altar_1, nemelex_xobeh_ov_fountains_minmay,
          minmay_temple_entry_poolview, first_ration, portal_sewer_entry_c,
          grunt_decor_cap, uniq_natasha
D:5:      lemuel_round_altar, serial_shops, nicolae_shop_behind_doors,
          st_stairs_3, hangedman_abyss_or_decor_passed, uniq_menkaure,
          uniq_blork_the_orc
D:7:      enter_ossuary_3, serial_shops, shop_coins, uniq_prince_ribbit1,
          uniq_duvessa
D:8:      david_lair_shrubbed
D:9:      lemuel_doored_altar, nicolae_dithmenos_shadow_blocks
D:10:     serial_shops, nicolae_shop_temple_entry_statues_fountains
Temple:   hc_temple_tempest_star
Lair:1:   beast_lair_carwin_7
Lair:2:   minmay_shoals_entry_centaurs, grunt_megastairs_3, uniq_sonja
Ossuary:  ossuary_due_small_catacomb

Skill      XL: |  1  2  3  4  5  6  7  8  9 10 11 |
---------------+----------------------------------+-----
Axes           | 3 4 5 6 7 9 11 12 14 | 14.0
Fighting       | 4 5 6 7 8 9 10 | 10.8
Armour         | 4 5 6 7 8 9 10 | 10.7
Shields        | 4 5 6 7 8 |  8.5
Invocations    | 4 5 |  5.5

Action                   |  1- 3 |  4- 6 |  7- 9 | 10-12 || total
-------------------------+-------+-------+-------+-------++-------
Melee: War axe           |    68 |   135 |   381 |     8 ||   592
       Headbutt          |     5 |    18 |    77 |    49 ||   149
       Battleaxe         |       |       |       |   258 ||   258
 Fire: Blowgun           |       |       |     1 |       ||     1
Invok: Heroism           |       |       |    10 |    16 ||    26
       Finesse           |       |       |       |     1 ||     1
  Use: Scroll            |       |     8 |     6 |    13 ||    27
       Potion            |       |     1 |       |     3 ||     4
  Eat: Chunk             |       |     7 |    11 |    12 ||    30
       Ration            |       |       |     2 |     1 ||     3
Armor: Scale mail        |    25 |    44 |    21 |    43 ||   133
       Skin              |       |    13 |       |       ||    13
       Plate armour      |       |       |   115 |   112 ||   227
Dodge: Dodged            |    17 |    30 |    56 |   126 ||   229
Block: Shield            |    29 |    74 |   172 |     4 ||   279

Table legend:
 A = Spawn XP
 B = Non-spawn XP
 C = Spawn XP percentage of total XP
 D = Spawn monster count
 E = Non-spawn monster count
 F = Spawn count percentage of total count
 G = Total turns spent on level
                    A         B        C        D         E        F      G
               +---------+---------+-------+---------+---------+-------+---------
         Total |       0 |   18944 |   0.0 |       0 |     276 |   0.0 | 13045
               +---------+---------+-------+---------+---------+-------+---------
           D:1 |       0 |      47 |   0.0 |       0 |      19 |   0.0 |   596
           D:2 |       0 |      55 |   0.0 |       0 |      16 |   0.0 |   789
           D:3 |       0 |      64 |   0.0 |       0 |      17 |   0.0 |   626
           D:4 |       0 |     701 |   0.0 |       0 |      29 |   0.0 |  1098
           D:5 |       0 |     397 |   0.0 |       0 |       9 |   0.0 |  1071
           D:6 |       0 |     824 |   0.0 |       0 |      16 |   0.0 |  1138
           D:7 |       0 |    2237 |   0.0 |       0 |      38 |   0.0 |  1794
           D:8 |       0 |    1014 |   0.0 |       0 |      16 |   0.0 |   919
           D:9 |       0 |    4140 |   0.0 |       0 |      31 |   0.0 |  1635
          D:10 |       0 |    2131 |   0.0 |       0 |      19 |   0.0 |   777
        Lair:1 |       0 |    3859 |   0.0 |       0 |      21 |   0.0 |  1519
        Lair:2 |       0 |    3228 |   0.0 |       0 |      13 |   0.0 |   494
       Ossuary |       0 |     247 |   0.0 |       0 |      32 |   0.0 |   375
               +---------+---------+-------+---------+---------+-------+---------
